 Dungeon Crawl Stone Soup version 0.28-a0-957-g42eb19b844 (webtiles) character file.

Game seed: 9561382794784910926

9475 sanka the Cleaver (level 11, -18/89 HPs)
             Began as a Palentonga Abyssal Knight on Nov 30, 2021.
             Was an Elder of Lugonu.
             Demolished by a death yak (20 damage)
             ... on level 8 of the Dungeon.
             The game lasted 00:24:12 (15028 turns).

sanka the Cleaver (Palentonga Abyssal Knight)      Turns: 15028, Time: 00:24:12

Health: -18/89     AC: 18    Str: 24    XL:     11   Next: 23%
Magic:  15/17      EV:  6    Int: 11    God:    Lugonu [****..]
Gold:   368        SH: 15    Dex: 13    Spells: 10/10 levels left

rFire   . . .      SeeInvis +   a - +1 war axe (drain)
rCold   + . .      Faith    .   D - +0 tower shield
rNeg    . . .      Spirit   .   s - +2 ring mail {rC+}
rPois   .          Reflect  .   (no helmet)
rElec   .          Harm     .   (no cloak)
rCorr   .          Rampage  .   (no gloves)
Will    .....                   (no barding)
Stlth   +.........              A - amulet of magic regeneration
HPRegen 0.24/turn               g - +6 ring of strength
MPRegen 0.55/turn               w - +4 ring of protection

@: curled up, very slow
A: large, rugged brown scales 3, see invisible, deformed body, roll 1, armoured
tail, reflexive curl
a: Rolling Charge, Renounce Religion, Depart the Abyss, Bend Space, Banish,
Corrupt


You were on level 8 of the Dungeon.
You worshipped Lugonu.
Lugonu was greatly pleased with you.
You visited 1 branch of the dungeon, and saw 9 of its levels.
You visited the Abyss 1 time.
You also visited: Ossuary.

You collected 368 gold pieces.


Innate Abilities, Weirdness & Mutations

You are completely covered in rugged brown scales. (AC +3, +7% HP)
You have supernaturally acute eyesight. (SInv)
Armour fits poorly on your strangely shaped body.
You can roll at nearby foes to attack.
You have a long armoured tail.
You curl defensively after being hit. (AC +7*)


   Skills:
 - Level 7.0 Fighting
 + Level 11.0 Axes
 - Level 1.5 Armour
 - Level 0.7 Dodging
 + Level 8.7 Shields
 - Level 8.0 Invocations


You had 10 spell levels left.
You didn't know any spells.
Your spell library contained the following spells:

 Spells                   Type           Power      Damage    Failure   Level
 Call Canine Familiar     Summ           0%         N/A       100%        3
 Freezing Cloud           Conj/Ice/Air   0%         6-21      100%        5
 Simulacrum               Ice/Necr       0%         N/A       100%        6
 Malign Gateway           Summ/Tloc      0%         N/A       100%        7
 Summon Hydra             Summ           0%         N/A       100%        7
 Polar Vortex             Ice            0%         N/A       100%        9

Inventory:

Hand Weapons
 a - a +1 war axe of draining (weapon)
 b - a +2 hand axe of flaming
Missiles
 k - 39 poisoned darts
 y - a throwing net {=f}
 F - 5 curare-tipped darts {=f}
Armour
 s - a +2 ring mail of cold resistance (worn)
 D - a +0 tower shield (worn)
 H - +0 steam dragon scales
Jewellery
 g - a +6 ring of strength (left hand)
 w - a +4 ring of protection (right hand)
 A - an amulet of magic regeneration (around neck)
Wands
 h - a wand of acid (10)
 i - a wand of flame (11)
 x - a wand of polymorph (11)
 G - a wand of mindburst (7)
Scrolls
 c - 9 scrolls of teleportation {@r4}
 f - 2 scrolls of fog
 n - 4 scrolls of noise {!r}
 o - a scroll of enchant weapon {unknown}
 q - 3 scrolls of vulnerability {!r}
 r - a scroll of blinking
 u - 2 scrolls of fear
 v - a scroll of summoning
 B - a scroll of holy word {unknown}
 I - a scroll of amnesia
Potions
 d - 4 potions of curing {@q1}
 e - 2 potions of flight {unknown}
 j - a potion of lignification {unknown}
 l - 2 potions of haste {unknown}
 m - a potion of brilliance {unknown}
 p - 4 potions of attraction {unknown}
 t - 3 potions of magic {unknown}
 z - a potion of mutation {unknown}
 C - a potion of ambrosia {unknown}
 E - a potion of heal wounds {unknown}

Dungeon Overview and Level Annotations

Branches:
Dungeon (9/15)             Temple (0/1) D:7            Lair (0/6) D:9
Ossuary (visited)
    Orc: D:9-12

Altars:
Cheibriados
Hepliaklqana
Nemelex Xobeh
Qazlal
Uskayaw
Wu Jian
Yredelemnul

Shops:
D:1 *=[   D:4 * D:9

:
▒▒▒▒▒.............▒▒▒
▒........).......['..
▒.▒▒▒▒♣♣.♣♣......[▒▒▒
▒.▒ ♣≈≈≈♣♣..<...▒▒▒
▒.▒ ♣♣≈≈♣.......▒▒.
▒.▒ ♣♣≈♣♣▒♣▒▒.▒▒▒▒.
▒.♣♣♣♣♣≈.≈♣♣♣♣♣.▒ ▒.
▒.♣♣≈♣.≈≈≈♣♣P≈≈.▒ ▒.
▒..YH≈≈.≈≈≈≈≈≈..▒ ▒.
▒▒.≈≈♣♣≈.≈≈♣♣♣♣.▒ ▒.
▒♣♣♣♣♣♣≈≈♣♣♣♣♣z▒ ▒.
♣.≈♣▒....▒ ▒.
♣♣.♣♣♣[▒▒▒▒ ▒.
♣≈≈♣♣♣.▒ ▒.
▒▒▒▒▒▒♣≈.P♣..▒▒▒▒ ▒.
▒...........▒...▒▒ ▒▒
▒.▒▒▒▒▒▒▒▒▒▒.....▒


You could see a death yak.


Message History

The death yak gores you!
* * * LOW HITPOINT WARNING * * *
The death yak gores you!
* * * LOW HITPOINT WARNING * * *
You hit the death yak.
Your tail-slap misses the death yak.
The death yak is severely wounded.
The death yak gores you but does no damage.
Unknown command.
The death yak snorts and paws the ground.
The hell rat twitches its whiskers.
You see here 21 stones.
There is an escape hatch in the ceiling here.
Unknown command.
Unknown command.
Unknown command.
The death yak seems less drained.
The death yak gores you but does no damage.
A mysterious force pulls you upwards. The hatch slams shut behind you.
Unknown command.
Use which ability? (? or * to list)
Aim: a death yak (heavily wounded, lightly drained, chance to affect: 40%)
The death yak resists with some effort.
The death yak gores you!
* * * LOW HITPOINT WARNING * * *
You enter the shallow water.
The death yak seems less drained.
The death yak gores you!!
You die...

Action                   |  1- 3 |  4- 6 |  7- 9 | 10-12 || total
-------------------------+-------+-------+-------+-------++-------
Melee: Hand axe          |   114 |    98 |   359 |    21 ||   592
       Tailslap          |    11 |     9 |    77 |    54 ||   151
       War axe           |       |       |       |   267 ||   267
Invok: Banish            |       |     1 |       |     4 ||     5
 Abil: Rolling Charge    |     1 |     5 |    14 |     8 ||    28
Evoke: Wand              |       |       |       |     5 ||     5
  Use: Scroll            |       |       |     7 |     1 ||     8
Armor: Leather armour    |    42 |    27 |       |       ||    69
       Ring mail         |       |       |   153 |    89 ||   242
Dodge: Dodged            |    58 |    37 |   108 |    55 ||   258
Block: Buckler           |       |     2 |    40 |       ||    42
       Tower shield      |       |       |    38 |   223 ||   261

Levels and vault maps discovered:
D:1:      heliophobic_arrival_enchanted_forest, layout_loops_corners,
          ebering_ecumenical_altar_rust, serial_shops, shop,
          nicolae_lakefront_shop, nicolae_shop_stone
D:2:      layout_basic, minmay_pentomino_s4
D:3:      layout_basic, lemuel_doored_altar, mainiacjoe_overflow_swirl
D:4:      layout_basic, serial_shops, shop_fountains, uniq_eustachio
D:5:      layout_basic, grunt_qazlal_clouds, enter_ossuary_5
D:6:      minmay_flawed_box, layout_layer_cave, nrook_pool_corridor,
          kennysheep_dice, uniq_menkaure, uniq_blork_the_orc
D:7:      layout_cave_pools, gammafunk_temple_overflow_claw,
          minmay_temple_entry_ruins, uniq_maggie
D:8:      layout_basic, serial_bayou, serial_bayou_lagoon_a,
          serial_bayou_crossing, serial_bayou_lake_a, serial_bayou_pond_a,
          hangedman_minor_gate_pass
D:9:      layout_loops_ring, tso_oasis_becter, dpeg_lair_monsters, serial_shops,
          shop, onia_ninara_cookie

Notes
Turn   | Place    | Note
-------+----------+-------------------------------------------
     0 | Abyss:1  | sanka the Palentonga Abyssal Knight began the quest for the
                  | Orb.
     0 | Abyss:1  | Reached XP level 1. HP: 19/19 MP: 2/2
    46 | D:1      | Escaped the Abyss
   112 | D:1      | Found Hat Tema's Armour Boutique.
   250 | D:1      | Reached XP level 2. HP: 18/25 MP: 3/3
   450 | D:1      | Reached skill level 3 in Axes
   999 | D:1      | Found a faded altar of an unknown god.
  1012 | D:1      | Reached ** piety under Lugonu
  1125 | D:1      | Reached XP level 3. HP: 31/31 MP: 4/4
  1138 | D:1      | Found Kafuav's Assorted Antiques.
  1460 | D:1      | Found Rosmus's Jewellery Shop.
  1619 | D:2      | Reached skill level 4 in Axes
  2277 | D:2      | Reached XP level 4. HP: 37/37 MP: 5/5
  2607 | D:2      | Got the Disquisition on Creation
  3001 | D:3      | Reached *** piety under Lugonu
  3281 | D:3      | Reached skill level 5 in Axes
  3323 | D:3      | Noticed a phantom
  3333 | D:3      | Killed a phantom
  3334 | D:3      | Reached XP level 5. HP: 22/43 MP: 6/6
  3558 | D:3      | Found an ornate altar of the Wu Jian Council.
  3641 | D:3      | Found a hazy altar of Hepliaklqana.
  3718 | D:3      | Found a hide-covered altar of Uskayaw.
  3810 | D:4      | Noticed an ogre
  4063 | D:4      | Reached skill level 6 in Axes
  4063 | D:4      | Reached skill level 3 in Invocations
  4063 | D:4      | Reached XP level 6. HP: 37/50 MP: 6/8
  4612 | D:4      | Found Cetrid's General Store.
  4725 | D:4      | Noticed Eustachio
  4750 | D:4      | Killed Eustachio
  4751 | D:4      | Reached skill level 4 in Invocations
  4994 | D:4      | Reached skill level 5 in Invocations
  5136 | D:5      | Entered Level 5 of the Dungeon
  5141 | D:5      | Found a stormy altar of Qazlal.
  5157 | D:5      | Reached skill level 6 in Invocations
  5157 | D:5      | Gained mutation: You curl defensively after being hit. (AC
                  | +7*) [Palentonga growth]
  5157 | D:5      | Reached XP level 7. HP: 55/55 MP: 5/11
  5240 | D:5      | Found a sand-covered staircase.
  5245 | Ossuary  | Entered an ossuary
  5302 | Ossuary  | Reached skill level 7 in Invocations
  5486 | Ossuary  | Reached skill level 8 in Invocations
  5490 | Ossuary  | Reached skill level 1 in Shields
  5490 | Ossuary  | Reached XP level 8. HP: 34/62 MP: 12/14
  5663 | Ossuary  | Reached skill level 2 in Shields
  6016 | D:5      | Reached skill level 4 in Fighting
  6324 | D:5      | Reached skill level 7 in Axes
  6409 | D:5      | Reached skill level 5 in Fighting
  6797 | D:6      | Noticed Menkaure
  6802 | D:6      | Killed Menkaure
  6964 | D:6      | Reached XP level 9. HP: 72/72 MP: 15/15
  6968 | D:6      | Noticed Blork the orc
  6980 | D:6      | Killed Blork the orc
  7264 | D:6      | Reached skill level 6 in Fighting
  7264 | D:6      | Reached skill level 8 in Axes
  7284 | D:6      | Reached **** piety under Lugonu
  7713 | D:6      | Reached skill level 9 in Axes
  8211 | D:7      | Reached skill level 10 in Axes
  9116 | D:7      | Reached skill level 7 in Fighting
  9116 | D:7      | Reached skill level 3 in Shields
  9517 | D:7      | Reached skill level 4 in Shields
  9517 | D:7      | Reached XP level 10. HP: 32/84 MP: 16/16
  9578 | D:7      | Identified the +0 ring mail "Ejaonalame" {Will+ Str+4 Int+3
                  | Dex-3}
  9916 | D:7      | Identified +0 steam dragon scales
  9916 | D:7      | Noticed Maggie
  9932 | D:7      | Killed Maggie
 10245 | D:7      | Reached skill level 5 in Shields
 10499 | D:7      | Found a staircase to the Ecumenical Temple.
 10904 | D:7      | Found a basalt altar of Yredelemnul.
 10904 | D:7      | Found a snail-covered altar of Cheibriados.
 10905 | D:7      | Found a sparkling altar of Nemelex Xobeh.
 11241 | D:8      | Paralysed by a hornet for 2 turns
 11261 | D:8      | Reached skill level 6 in Shields
 11442 | D:8      | Noticed a two-headed ogre
 11446 | D:8      | Banished a two-headed ogre
 11617 | D:8      | Reached skill level 7 in Shields
 13842 | D:9      | Reached skill level 8 in Shields
 14067 | D:9      | Found Faecistra's Book Boutique.
 14191 | D:9      | Noticed a two-headed ogre
 14197 | D:9      | Killed a two-headed ogre
 14198 | D:9      | Reached XP level 11. HP: 62/89 MP: 17/17
 14640 | D:9      | Paralysed by a floating eye for 3 turns
 14661 | D:9      | Noticed a two-headed ogre
 14670 | D:9      | Killed a two-headed ogre
 14672 | D:9      | Reached skill level 11 in Axes
 14973 | D:9      | Found a staircase to the Lair.
 14973 | D:9      | Noticed a death yak
 14974 | D:9      | Noticed a death yak
 14974 | D:9      | Noticed a death yak
 15026 | D:8      | HP: 1/89 [death yak (14)]
 15028 | D:8      | Demolished by a death yak

Vanquished Creatures
  2 two-headed ogres (D:9)
  Maggie (D:7)
  A hornet (D:8)
  A shadow (D:9)
  3 wyverns (D:9)
  A yak (D:8)
  Eustachio (D:4)
  Menkaure (D:6)
  3 vampire mosquitoes
  An acid dragon (D:8)
  2 floating eyes (D:9)
  6 orc warriors
  A sky beast (D:7)
  An ice beast (D:5)
  2 necrophages
  5 ogres
  4 centaurs (D:9)
  2 phantoms
  Blork the orc (D:6)
  7 elf zombies (Ossuary)
  5 scorpions
  5 bullfrogs
  3 killer bees
  11 wights
  4 howler monkeys
  5 electric eels (D:8)
  9 centaur zombies
  A human zombie (Ossuary)
  3 orc priests
  3 hounds
  A gnoll shaman (D:6)
  A jelly (D:6)
  2 iguanas
  17 orc wizards
  2 killer bee zombies (D:8)
  2 howler monkey zombies (D:9)
  3 mummies (Ossuary)
  7 gnolls
  2 howler monkey skeletons
  6 adders
  3 worms
  A dart slug (D:1)
  29 orcs
  5 bats
  5 endoplasms
  A giant cockroach (D:2)
  5 goblins
  5 hobgoblins
  14 jackals
  9 quokkas
  9 ball pythons
  3 frilled lizards
  10 kobolds
  13 rats
250 creatures vanquished.

Vanquished Creatures (others)
  102 plants (D:8)
102 creatures vanquished.

Grand Total: 352 creatures vanquished
